 Dungeon Crawl Stone Soup version 0.27.1 (webtiles) character file.

Game seed: 9144249347859403288

0 calewdscratch the Gusty (level 1, -1/14 HPs)
             Began as a Draconian Air Elementalist on Aug 23, 2021.
             Slain by a quokka (2 damage)
             ... on level 1 of the Dungeon.
             The game lasted 00:01:55 (105 turns).

calewdscratch the Gusty (Draconian Air Elementalist) Turns: 105, Time: 00:01:55

Health: -1/14      AC:  4    Str: 10    XL:     1   Next: 8%
Magic:  3/3        EV: 12    Int: 15    God:
Gold:   0          SH:  0    Dex: 11    Spells: 3/4 levels left

rFire    . . .     SeeInvis .   (no weapon)
rCold    . . .     Faith    .   (no shield)
rNeg     . . .     Spirit   .   (armour unavailable)
rPois    .         Reflect  .   (helmet restricted)
rElec    .         Harm     .   (no cloak)
rCorr    .         Rampage  .   (no gloves)
Will     .....                  (no boots)
Stlth    ++........             (no amulet)
HPRegen  0.04/turn              (no ring)
MPRegen  0.08/turn              (no ring)

@: no status effects
A: AC +4, unfitting armour, cold-blooded
a: no special abilities


You were on level 1 of the Dungeon.
You visited 1 branch of the dungeon, and saw 1 of its levels.

Inventory:

Potions
 a - a potion of mutation {unknown}


   Skills:
 + Level 1.7 Dodging
 + Level 1.7 Stealth
 + Level 2.0 Spellcasting
 + Level 1.0 Conjurations
 + Level 3.0 Air Magic


You had 3 spell levels left.
You knew the following spells:

 Your Spells              Type           Power      Damage    Failure   Level
a - Shock                 Conj/Air       28%        1d4       10%         1

Your spell library contained the following spells:

 Spells                   Type           Power      Damage    Failure   Level
 Static Discharge         Conj/Air       7%         N/A       14%         2
 Swiftness                Air            10%        N/A       19%         3
 Airstrike                Air            5%         N/A       54%         4


Dungeon Overview and Level Annotations

Branches:
Dungeon (1/15)

Altars:


Innate Abilities, Weirdness & Mutations

Your plain brown scales are hard. (AC +4)
You cannot fit into any form of body armour.
You are cold-blooded and may be slowed by cold attacks.


Message History

Found a scroll labelled RORAWKIERCH.
The frilled lizard hisses angrily.
A bat comes into view.
Found 16 gold pieces.
Found two stone staircases leading down.
The bat moves out of view.
A quokka comes into view.
Found a scroll labelled WAANAR WYDGH.
A quokka comes into view.
A hobgoblin comes into view.
Found a pair of glowing gloves.
Found a robe.
The hobgoblin misses you.
A quokka comes into view.
Press: ? - help, v - describe, . - travel The floor.
The hobgoblin closely misses you.
You hit the quokka but do no damage.
Your tail-slap misses the quokka.
The quokka closely misses you. The hobgoblin barely misses you.
The frilled lizard bites you. The quokka barely misses you.
You barely miss the quokka. The hobgoblin hits you.
The frilled lizard misses you. The quokka misses you.
You hit the quokka but do no damage.
Your tail-slap misses the quokka.
The hobgoblin hits you.
The quokka bites you but does no damage.
The frilled lizard bites you.
You barely miss the quokka. The hobgoblin hits you.
* * * LOW HITPOINT WARNING * * *
The quokka misses you. The goblin hits you but does no damage.
The frilled lizard completely misses you.
You hit the quokka.
The quokka is lightly wounded.
The hobgoblin closely misses you. The quokka misses you.
The goblin hits you with a +0 club.
* * * LOW HITPOINT WARNING * * *
The frilled lizard barely misses you.
You barely miss the quokka.
The quokka is lightly wounded.
The quokka bites you.
You die...

............#
#.......[...# ..# #.
#...........# ..# #?#
#........[..# ..###.#
####...........# #....#
#..............# .....#
#.....gJr......#
.....####.....gglg.....#
.............###@#######
..........#### #r#
#.....##### #.#
#####....# ... # ####r..
... .. ... ....♣ .♣. ..
..... ♣..P . .....♣ P.


You could see an endoplasm, a quokka, 2 hobgoblins, 2 goblins, a frilled lizard
and a rat.

Vanquished Creatures
  A bat (D:1)
1 creature vanquished.

Notes
Turn   | Place    | Note
-------+----------+-------------------------------------------
     0 | D:1      | calewdscratch the Draconian Air Elementalist began the
                  | quest for the Orb.
     0 | D:1      | Reached XP level 1. HP: 14/14 MP: 3/3
   105 | D:1      | Slain by a quokka

Illustrated notes

Levels and vault maps discovered:
D:1:      heliophobic_arrival_battle_scene, layout_rooms, serial_forest,
          infiniplex_forest_clump_small, infiniplex_forest_lined_4_way,
          infiniplex_forest_clump_double, infiniplex_forest_clump_diagonal,
          infiniplex_forest_corner_1, infiniplex_forest_straight_2,
          infiniplex_forest_clump_long, infiniplex_forest_end_1,
          infiniplex_forest_clump_curved, infiniplex_forest_lined_corner,
          ebering_ecumenical_altar_petrified, minivault_24

Action                   || total
-------------------------++-------
Melee: Unarmed           ||     6
 Cast: Shock             ||     2
Armor: Skin              ||     2
Dodge: Dodged            ||    13
